 Dungeon Crawl Stone Soup version 0.29.0-13-gc9e81de378 (webtiles) character file.

Game seed: 10523960803627175177

58 Persephone the Ruffian (level 3, -2/36 HPs)
             Began as a Troll Fighter on Sept 7, 2022.
             Slain by a gnoll
             ... wielding a +0 spear
              (5 damage)
             ... on level 2 of the Dungeon.
             The game lasted 00:01:37 (1115 turns).

Persephone the Ruffian (Troll Fighter)              Turns: 1115, Time: 00:01:38

Health: -2/36      AC:  4    Str: 24    XL:     3   Next: 76%
Magic:  2/2        EV:  4    Int:  4    God:
Gold:   27         SH:  0    Dex: 11    Spells: 2/2 levels left

rFire   . . .      SeeInvis .     - Unarmed
rCold   . . .      Faith    .   b - +0 kite shield
rNeg    . . .      Spirit   .   a - +0 robe
rPois   .          Reflect  .   (helmet restricted)
rElec   .          Harm     .   (no cloak)
rCorr   .          Rampage  .   (gloves unavailable)
Will    .....                   (boots unavailable)
Stlth   +.........              (no amulet)
HPRegen 0.92/turn               (no ring)
MPRegen 0.08/turn               (no ring)

@: held
A: large, unfitting armour, claws 3, regeneration 1, shaggy fur 1, tough skin 1
a: no special abilities


You were on level 2 of the Dungeon.
You visited 1 branch of the dungeon, and saw 2 of its levels.

You collected 27 gold pieces.

Inventory:

Armour
 a - a +0 robe (worn)
 b - a +0 kite shield (worn)
Jewellery
 f - an amulet of faith
 h - a +6 ring of dexterity
Scrolls
 d - a scroll of noise {unknown}
 g - 2 scrolls of fog {unknown}
 i - a scroll of blinking {unknown}
 l - a scroll of identify {unknown}
Potions
 c - a potion of might
 e - 2 potions of mutation {unknown}
 j - a potion of cancellation {unknown}
 k - a potion of lignification {unknown}
 m - a potion of degeneration {unknown}


   Skills:
 - Level 2.4 Fighting
 - Level 2.4 Dodging
 - Level 2.6 Shields
 + Level 4.2 Unarmed Combat


You had 2 spell levels left.
You didn't know any spells.
Your spell library was empty.

Dungeon Overview and Level Annotations

Branches:
Dungeon (2/15)

Altars:


Innate Abilities, Weirdness & Mutations

You are too large for most types of armour.
You have claws for hands.
Your natural rate of healing is unusually fast.
You are covered in fur. (AC +1)
You have tough skin. (AC +1)


Message History

You are too injured to fight recklessly!
You are too injured to fight recklessly!
You are too injured to fight recklessly!
You are too injured to fight recklessly!
You are too injured to fight recklessly!
You are too injured to fight recklessly!
You are too injured to fight recklessly!
You are too injured to fight recklessly!
You are too injured to fight recklessly!
You are too injured to fight recklessly!
You are too injured to fight recklessly!
You are too injured to fight recklessly!
You are too injured to fight recklessly!
You are too injured to fight recklessly!
You are too injured to fight recklessly!
You are too injured to fight recklessly!
You are too injured to fight recklessly!
You are too injured to fight recklessly!
You are too injured to fight recklessly!
You scratch the gnoll but do no damage.
The gnoll is heavily wounded.
The gnoll hits you from afar with a +0 spear.
The gnoll closely misses you.
You scratch the gnoll.
The gnoll is heavily wounded.
The gnoll barely misses you.
The gnoll hits you with a +1 flail of protection!
* * * LOW HITPOINT WARNING * * *
You scratch the gnoll but do no damage.
The gnoll is heavily wounded.
The gnoll hits you with a +1 flail of protection!
* * * LOW HITPOINT WARNING * * *
You block the gnoll's attack.
You claw the gnoll!
You kill the gnoll!
The gnoll throws a throwing net.
The throwing net hits you.
You become entangled in the net!
You struggle against the net.
The gnoll hits you from afar with a +0 spear.
You die...

### .w. #.# #g#
#.####### #g#
#.......# #)#
#.#####.# ##@## #.###
#.# ##...## #...###.#
##.....##
#.#..##.###.......##
###.......##.........#
.....................+
#####†..####.........#
#..## #........##
#.#### #.#)....##


You could see 2 gnolls and a dart slug.

Vanquished Creatures
  An adder (D:2)
  A gnoll (D:2)
  4 ball pythons (D:1)
  2 giant cockroaches
  6 goblins (D:1)
  A hobgoblin (D:1)
  4 jackals (D:2)
  A quokka (D:2)
  7 bats (D:1)
  2 frilled lizards (D:1)
  4 kobolds
  4 rats (D:1)
37 creatures vanquished.

Notes
Turn   | Place    | Note
-------+----------+-------------------------------------------
     0 | D:1      | Persephone the Troll Fighter began the quest for the Orb.
     0 | D:1      | Reached XP level 1. HP: 22/22 MP: 0/0
   125 | D:1      | Reached XP level 2. HP: 29/29 MP: 1/1
   263 | D:1      | Reached skill level 3 in Unarmed Combat
   795 | D:1      | Reached XP level 3. HP: 36/36 MP: 2/2
  1097 | D:2      | Reached skill level 4 in Unarmed Combat
  1113 | D:2      | HP: 1/36 [gnoll/+1 flail of protection (10)]
  1115 | D:2      | Slain by a gnoll

Illustrated notes

Levels and vault maps discovered:
D:1:      dpeg_arrival_subterranean_lakeside_camping, layout_loops_corners,
          st_stairs_3
D:2:      layout_loops_corners, uniq_natasha

Skill      XL: |  1  2  3 |
---------------+----------+-----
Unarmed Combat | 3 4 |  4.2
Fighting       | |  2.4
Dodging        | |  2.4
Shields        | |  2.6

Action                   || total
-------------------------++-------
Melee: Unarmed           ||   106
Armor: Robe              ||    29
Dodge: Dodged            ||    42
Block: Kite shield       ||    38
